 Dungeon Crawl Stone Soup version 0.25-a0-424-g80bd347ae0 (webtiles) character file.

Game seed: 7455387307909834976, levelgen mode: deterministic

1078 MisterFreud the Cutter (level 8, -1/67 HPs)
             Began as a Gnoll Chaos Knight on Jan 20, 2020.
             Was a Plaything of Xom.
             Slain by a small abomination (12 damage)
             ... summoned by the capriciousness of Xom
             ... on level 6 of the Dungeon.
             The game lasted 00:07:51 (4332 turns).

MisterFreud the Cutter (Gnoll Chaos Knight)         Turns: 4332, Time: 00:07:52

Health: -1/67      AC:  8    Str: 20      XL:     8   Next: 29%
Magic:  12/12      EV: 12    Int: 14 (16) God:    Xom [*.....]
Gold:   230        SH:  0    Dex: 15      Spells: 13/13 levels left

rFire    . . .     SeeInvis .   z - +0 rapier
rCold    . . .     Gourm    .   (no shield)
rNeg     . . .     Faith    .   b - +2 leather armour
rPois    .         Spirit   .   (no helmet)
rElec    .         Reflect  .   p - +1 cloak
rCorr    .         Harm     .   (no gloves)
MR       .....                  m - +0 pair of boots
Stlth    +++.......             L - amulet of regeneration
HPRegen  0.61/turn              G - ring of stealth
MPRegen  0.13/turn              (no ring)

@: mighty, heavily drained
A: distributed training, fangs 1, deterioration 1, wild magic 1, evolution 1,
strong nose
a: Renounce Religion


You were on level 6 of the Dungeon.
You worshipped Xom.
You were a special plaything of Xom.
You were very hungry.

You visited 2 branches of the dungeon, and saw 7 of its levels.

You collected 230 gold pieces.

Inventory:

Hand Weapons
 a - a +0 short sword of chaos
 i - a +0 morningstar
 n - a +1 spear of flaming
 x - a +0 trident
 z - a +0 rapier (weapon)
 E - a +0 war axe
Missiles
 g - 183 stones (quivered)
 l - 78 poisoned darts
 r - 53 arrows
 v - 17 sling bullets
 F - 13 boomerangs
 H - 21 bolts
 I - 6 javelins
Armour
 b - a +2 leather armour (worn)
 e - a +0 scale mail
 j - a +1 ring mail of positive energy
 m - a +0 pair of boots (worn)
 p - a +1 cloak (worn)
Jewellery
 G - a ring of stealth (left hand)
 L - an amulet of regeneration (around neck)
Wands
 u - a wand of scattershot (5)
 M - a wand of enslavement (7)
 N - a wand of polymorph (9)
Scrolls
 d - 3 scrolls of amnesia
 h - a scroll of blinking {unknown}
 q - 3 scrolls of teleportation {unknown}
 w - a scroll of enchant weapon {unknown}
 y - 2 scrolls of random uselessness {unknown}
 B - 2 scrolls of remove curse {unknown}
 D - a scroll of immolation {unknown}
Potions
 f - 2 potions of might
 k - a potion of magic
 o - a potion of mutation
 s - 2 potions of heal wounds
 t - a potion of berserk rage {unknown}
 A - a potion of flight
 C - a potion of ambrosia
 J - 2 potions of degeneration
 K - 2 potions of curing
Comestibles
 c - 12 rations


   Skills:
 + Level 7.3(5.4) Fighting
 + Level 7.3(5.4) Short Blades
 + Level 3.1(1.4) Long Blades
 + Level 3.1(1.4) Axes
 + Level 3.1(1.4) Maces & Flails
 + Level 3.1(1.4) Polearms
 + Level 3.1(1.4) Staves
 + Level 3.1(1.4) Slings
 + Level 3.1(1.4) Bows
 + Level 3.1(1.4) Crossbows
 + Level 3.1(1.4) Throwing
 + Level 5.5(3.7) Armour
 + Level 4.0(2.3) Dodging
 + Level 3.1(1.4) Stealth
 + Level 3.1(1.4) Shields
 + Level 3.1(1.4) Unarmed Combat
 + Level 3.1(1.4) Spellcasting
 + Level 2.5(0.8) Conjurations
 + Level 2.5(0.8) Hexes
 + Level 2.5(0.8) Charms
 + Level 2.5(0.8) Summonings
 + Level 2.5(0.8) Necromancy
 + Level 2.5(0.8) Translocations
 + Level 2.5(0.8) Transmutations
 + Level 2.5(0.8) Fire Magic
 + Level 2.5(0.8) Ice Magic
 + Level 2.5(0.8) Air Magic
 + Level 2.5(0.8) Earth Magic
 + Level 2.5(0.8) Poison Magic
 + Level 3.4(1.7) Invocations
 + Level 3.1(1.4) Evocations


You had 13 spell levels left.
You didn't know any spells.
Your spell library contained the following spells:

 Spells                   Type           Power        Failure   Level  Hunger
 Corona                   Hex            #......      28%         1    ##.....
 Ensorcelled Hibernation  Hex/Ice        #.....       38%         2    ###....
 Confusing Touch          Hex            #.......     61%         3    ####...
 Dazzling Flash           Conj/Hex       #.....       61%         3    ####...
 Tukima's Dance           Hex            #.......     61%         3    ####...


Dungeon Overview and Level Annotations

Branches:
Dungeon (6/15)             Temple (1/1) D:4

Altars:
Fedhas
Kikubaaqudgha
Makhleb
Nemelex Xobeh
Uskayaw
Xom

Annotations:
D:3 2 transporters, Tux's ghost, amateur FoEE


Innate Abilities, Weirdness & Mutations

Your experience applies equally to all skills.
You have very sharp teeth.
Your uncanny sense of smell can sniff out nearby items.
Your body sometimes deteriorates upon taking damage.
Your spells are a little harder to cast, but a little more powerful.
You evolve.


Message History

You hit the wight but do no damage. The wight closely misses you. x2
You hit the wight but do no damage. The wight barely misses you. x2
Press: ? - help, v - describe, . - travel
Here: a wight, wielding a +1 long sword and wearing a +0 robe The floor.
Unknown command.
Xom notices you. Sparks fly from your hands!
You hear Xom's maniacal laughter.
A chorus of moans calls out to you! The small abomination hits you!
Your body deteriorates!
You feel dopey.
You feel very mighty all of a sudden. The small abomination hits you.
The small abomination hits you!
* * * LOW HITPOINT WARNING * * *
You impale the small abomination!!
The small abomination is severely damaged.
The small abomination hits you!
You die...
Xom is highly amused!

####.# #§##.#####.........
.....#########§##.###.#§########
.!....§§§§§§§§.##.##....#
#################<#....§##
#......§.# ###....§## ####
##...§# #...##############.#§#
####.#......z.zx@x.#..§§#
##...#...#########......#
...#####........ ###...##
##...#.z.######. ##.##
.z...#z### ...# ####...# #####
#####


You could see 2 small abominations and 2 wights.

Vanquished Creatures
  A hungry ghost (D:3)
  A sky beast (D:5)
  An ogre (D:5)
  A scorpion (D:4)
  3 wights (D:6)
  A howler monkey (D:5)
  A crimson imp (D:5)
  A hound (D:4)
  2 orc priests
  2 orc wizards (D:4)
  A centaur skeleton (D:4)
  2 iguanas
  2 worker ants
  A worker ant zombie (D:5)
  A howler monkey skeleton (D:4)
  2 adders (D:3)
  A gnoll (D:1)
  An ooze (D:2)
  2 worms
  A dart slug (D:1)
  3 leopard geckos
  19 orcs
  A ball python (D:5)
  4 giant cockroaches
  4 goblins
  5 hobgoblins
  8 jackals
  2 quokkas
  8 bats
  2 frilled lizards (D:1)
  10 kobolds
  A quokka zombie (D:6)
  9 rats
104 creatures vanquished.

Vanquished Creatures (collateral kills)
  An ogre (D:4)
  An orc wizard (D:4)
  10 orcs
  A rat (D:3)
13 creatures vanquished.

Vanquished Creatures (others)
  An orc warrior (D:5)
  An ogre (D:4)
  A worker ant (D:4)
  An orc (D:5)
  6 plants (D:3)
10 creatures vanquished.

Grand Total: 127 creatures vanquished

Notes
Turn   | Place    | Note
-------+----------+-------------------------------------------
     0 | D:1      | MisterFreud the Gnoll Chaos Knight began the quest for the
                  | Orb.
     0 | D:1      | Reached XP level 1. HP: 23/23 MP: 1/1
    96 | D:1      | Reached XP level 2. HP: 25/29 MP: 2/2
   496 | D:1      | XOM: divination: detect items
   628 | D:1      | Reached XP level 3. HP: 31/35 MP: 3/3
   648 | D:1      | XOM: silly message
   783 | D:1      | Reached skill level 1 in Invocations
   847 | D:1      | XOM: harmless Summ miscast
  1170 | D:2      | XOM: give mutations
  1170 | D:2      | Gained mutation: You evolve. [Xom's grace]
  1170 | D:2      | Gained mutation: Your spells are a little harder to cast,
                  | but a little more powerful. [Xom's grace]
  1179 | D:2      | Found a blossoming altar of Fedhas.
  1179 | D:2      | XOM: cloud trail
  1481 | D:2      | Reached skill level 1 in Long Blades
  1481 | D:2      | Reached skill level 1 in Axes
  1481 | D:2      | Reached skill level 1 in Maces & Flails
  1481 | D:2      | Reached skill level 1 in Polearms
  1481 | D:2      | Reached skill level 1 in Staves
  1481 | D:2      | Reached skill level 1 in Slings
  1481 | D:2      | Reached skill level 1 in Bows
  1481 | D:2      | Reached skill level 1 in Crossbows
  1481 | D:2      | Reached skill level 1 in Throwing
  1481 | D:2      | Reached skill level 1 in Stealth
  1481 | D:2      | Reached skill level 1 in Shields
  1481 | D:2      | Reached skill level 1 in Unarmed Combat
  1481 | D:2      | Reached skill level 1 in Spellcasting
  1481 | D:2      | Reached skill level 1 in Evocations
  1491 | D:2      | XOM: god gift: wand of scattershot (5)
  1574 | D:2      | Reached XP level 4. HP: 41/41 MP: 5/5
  1684 | D:3      | XOM: cast spell 'Summon Mana Viper'
  1751 | D:3      | Noticed a hungry ghost
  1771 | D:3      | Killed a hungry ghost
  1771 | D:3      | Reached skill level 1 in Conjurations
  1771 | D:3      | Reached skill level 1 in Hexes
  1771 | D:3      | Reached skill level 1 in Charms
  1771 | D:3      | Reached skill level 1 in Summonings
  1771 | D:3      | Reached skill level 1 in Necromancy
  1771 | D:3      | Reached skill level 1 in Translocations
  1771 | D:3      | Reached skill level 1 in Transmutations
  1771 | D:3      | Reached skill level 1 in Fire Magic
  1771 | D:3      | Reached skill level 1 in Ice Magic
  1771 | D:3      | Reached skill level 1 in Air Magic
  1771 | D:3      | Reached skill level 1 in Earth Magic
  1771 | D:3      | Reached skill level 1 in Poison Magic
  1771 | D:3      | Reached XP level 5. HP: 44/47 MP: 5/7
  1782 | D:3      | XOM: 2-stop teleportation journey
  1858 | D:3      | XOM: summons 5 friendly demons
  1969 | D:3      | Found a transporter.
  1969 | D:3      | Found a transporter.
  1977 | D:3      | Noticed Tux's ghost (amateur FoEE)
  2105 | D:3      | Reached XP level 6. HP: 46/53 MP: 8/8
  2462 | D:3      | XOM: scenery: create altars
  2576 | D:4      | XOM: god gift: book of Maledictions
  2580 | D:4      | XOM: god gift: 15 stones
  2582 | D:4      | XOM: destruction
  2603 | D:4      | Reached skill level 5 in Armour
  2643 | D:4      | Found a staircase to the Ecumenical Temple.
  2651 | D:4      | XOM: cleaving
  2660 | Temple   | Entered the Ecumenical Temple
  2867 | D:4      | XOM: enchant monster (good)
  2879 | D:4      | Reached XP level 7. HP: 31/59 MP: 10/10
  2892 | D:4      | XOM: summons 7 friendly demons
  3055 | D:3      | Gained mutation: Your body sometimes deteriorates upon
                  | taking damage. [evolution]
  3079 | D:4      | XOM: summons friendly soul eater
  3383 | Temple   | XOM: scenery: create altars
  3403 | D:5      | Entered Level 5 of the Dungeon
  3563 | D:5      | XOM: divine lightning
  3673 | D:5      | Reached XP level 8. HP: 63/67 MP: 12/12
  4135 | D:5      | XOM: cloud trail
  4253 | D:6      | XOM: summons friendly shadow imp
  4254 | D:6      | XOM: silly message
  4283 | D:6      | XOM: enchant monster (bad)
  4311 | D:6      | XOM: harmless Fire miscast
  4329 | D:6      | XOM: medium Summ miscast
  4332 | D:6      | Slain by a small abomination

Levels and vault maps discovered:
D:1:      sevenhm_arrival_forest_fort_large_3, layout_basic
D:2:      layout_loops_ring, fedhas_altar_2
D:3:      layout_basic, gammafunk_ghost_gnarly_gnolls
D:4:      layout_rooms, minmay_temple_entry_proselytizer
D:5:      layout_basic, first_ration
D:6:      layout_loops_ring, nicolae_overflow_hidden_temple,
          grunt_temple_overflow_forces_of_nature, serial_shops, kennysheep_mini
Temple:   eino_temple_scatter_basement

Skill      XL: |  1  2  3  4  5  6  7  8 |
---------------+-------------------------+-----
Invocations    | 1 2 3 |  3.4
Long Blades    | 1 2 3 |  3.1
Axes           | 1 2 3 |  3.1
Maces & Flails | 1 2 3 |  3.1
Polearms       | 1 2 3 |  3.1
Staves         | 1 2 3 |  3.1
Slings         | 1 2 3 |  3.1
Bows           | 1 2 3 |  3.1
Crossbows      | 1 2 3 |  3.1
Throwing       | 1 2 3 |  3.1
Stealth        | 1 2 3 |  3.1
Shields        | 1 2 3 |  3.1
Unarmed Combat | 1 2 3 |  3.1
Spellcasting   | 1 2 3 |  3.1
Evocations     | 1 2 3 |  3.1
Dodging        | 3 4 |  4.0
Conjurations   | 1 2 |  2.5
Hexes          | 1 2 |  2.5
Charms         | 1 2 |  2.5
Summonings     | 1 2 |  2.5
Necromancy     | 1 2 |  2.5
Translocations | 1 2 |  2.5
Transmutations | 1 2 |  2.5
Fire Magic     | 1 2 |  2.5
Ice Magic      | 1 2 |  2.5
Air Magic      | 1 2 |  2.5
Earth Magic    | 1 2 |  2.5
Poison Magic   | 1 2 |  2.5
Armour         | 5 |  5.5
Fighting       | 7 |  7.3
Short Blades   | 7 |  7.3

Action                   |  1- 3 |  4- 6 |  7- 9 || total
-------------------------+-------+-------+-------++-------
Melee: Short sword       |    55 |       |       ||    55
       Bite              |     9 |    10 |    25 ||    44
       Spear             |    52 |    38 |       ||    90
       Rapier            |       |   121 |   135 ||   256
       Punch             |       |       |     1 ||     1
  Use: Scroll            |       |       |     9 ||     9
       Potion            |       |       |     1 ||     1
 Stab: Petrified         |     1 |       |     1 ||     2
       Distracted        |       |     1 |       ||     1
       Sleeping          |       |       |     4 ||     4
  Eat: Chunk             |     2 |     9 |     4 ||    15
Armor: Leather armour    |    11 |    21 |    31 ||    63
       Ring mail         |    14 |    29 |       ||    43
       Scale mail        |     1 |       |       ||     1
Dodge: Dodged            |    41 |    96 |    74 ||   211

Table legend:
 A = Non-vault XP
 B = Vault XP
 C = Vault XP percentage of total XP
 D = Non-vault monster count
 E = Vault monster count
 F = Vault count percentage of total count
                 A         B        C        D         E       F
            +---------+---------+-------+---------+---------+-------
      Total |    1500 |      41 |   2.7 |     117 |       1 |   0.8
            +---------+---------+-------+---------+---------+-------
        D:1 |      58 |       0 |   0.0 |      27 |       0 |   0.0
        D:2 |      27 |       0 |   0.0 |      13 |       0 |   0.0
        D:3 |     259 |       0 |   0.0 |      30 |       0 |   0.0
        D:4 |     453 |       0 |   0.0 |      31 |       0 |   0.0
        D:5 |     481 |       0 |   0.0 |      10 |       0 |   0.0
        D:6 |     220 |       0 |   0.0 |       5 |       0 |   0.0
     Temple |       2 |      41 |  95.3 |       1 |       1 |  50.0
            +---------+---------+-------+---------+---------+-------
